 Dungeon Crawl Stone Soup version 0.17-a0-1475-g9f81d98 (webtiles) character file.

479567 emikaela the Sensei (level 24, -4/306 HPs)
             Began as a Merfolk Transmuter on June 25, 2015.
             Was the Champion of Dithmenos.
             Slain by an Ice Fiend (73 damage)
             ... summoned by a deep elf demonologist
             ... on level 3 of the Elven Halls on July 2, 2015.
             The game lasted 06:49:16 (73658 turns).

emikaela the Sensei (Merfolk Transmuter)           Turns: 73658, Time: 06:49:16

Health: -4/306     AC: 25    Str: 23    XL:     24   Next: 83%
Magic:  19/40      EV: 18    Int: 18    God:    Dithmenos [******]
Gold:   5955       SH:  8    Dex: 16    Spells: 12 memorised, 3 levels left

rFire  + + +     SeeInvis +       - Unarmed
rCold  x . .     Clarity  +     (armour currently unavailable)
rNeg   + . .     SustAt   .     (shield currently unavailable)
rPois  +         Gourm    .     (helmet currently unavailable)
rElec  .         Spirit   .     (cloak currently unavailable)
rCorr  .         Warding  .     (gloves currently unavailable)
rMut   .         Stasis   .     (boots currently unavailable)
MR     +++..                    s - amulet of clarity
Stlth  +++++.....               c - ring of Lauhiode {rF+ rN+ MR+ SInv}
                                Z - ring of protection from magic

@: icy armour, dragon-form, icy shield, flying, very slightly contaminated,
regenerating, hasted, wreathed by umbra, repel missiles, very quick, extremely
resistant to hostile enchantments, quite stealthy
A: (change form in water), (swift swim), (antennae 0), rough black scales 1,
mutation resistance 1
a: End Transformation, Shadow Step, Shadow Form, Renounce Religion, Breathe Fire
}: 2/15 runes: decaying, serpentine


You were on level 3 of the Elven Halls.
You worshipped Dithmenos.
Dithmenos was exalted by your worship.
You were not hungry.
You were a fearsome dragon!
You visited 8 branches of the dungeon, and saw 47 of its levels.
You visited 1 ziggurat, and saw 5 of its levels.
You also visited: Ossuary, Bailey and Volcano.

You collected 8735 gold pieces.
You spent 2780 gold pieces at shops.

Inventory:

Hand weapons
 b - a +3 blowgun
Missiles
 a - 1174 arrows
 d - 33 javelins (quivered)
 l - 14 curare-tipped needles
 t - 2 throwing nets
 A - 181 poisoned needles
Armour
 o - the cursed +0 scale mail of the Undertaker {rPois rC++ Regen+}
   (You took it off a deep elf high priest on level 1 of the Elven Halls)

   It greatly protects you from cold.
   It protects you from poison.
   It increases your rate of regeneration.
   It has a curse placed upon it.
 B - a +2 hat (melded)
 I - a +0 pair of gloves (melded)
 M - a +2 pair of boots of running (melded)
 Q - a +2 cloak (melded)
 S - the +4 moon troll leather armour (melded) {Spirit, Regen++ MP+5}
   (You bought it in a shop on level 10 of the Dungeon)

   It affects your magic capacity (+5).
   It increases your rate of regeneration.
Jewellery
 c - the ring of Lauhiode (right foreclaw) {rF+ rN+ MR+ SInv}
   (You found it on level 1 of the Elven Halls)

   [ring of positive energy]

   It protects you from fire.
   It protects you from negative energy.
   It affects your resistance to hostile enchantments.
   It lets you see invisible.
 h - an uncursed ring of sustain attributes
 s - an amulet of clarity (around neck)
 Y - the ring of Vanity {Dex+6 SInv}
   (You found it on level 4 of a ziggurat)

   [ring of see invisible]

   It affects your dexterity (+6).
   It lets you see invisible.
 Z - a ring of protection from magic (left foreclaw)
Magical devices
 e - a wand of teleportation (3)
 n - a wand of digging (21)
 F - a wand of heal wounds (4)
Scrolls
 f - 15 scrolls of remove curse
 k - a scroll of brand weapon
 v - 11 scrolls of magic mapping
 w - a scroll of silence
 y - a scroll of recharging
 E - 7 scrolls of blinking
 G - 9 scrolls of fear
 J - 8 scrolls of teleportation
 N - 7 scrolls of identify
 P - 4 scrolls of fog
 U - a scroll of torment
 W - a scroll of summoning
Potions
 j - 10 potions of flight
 m - 15 potions of brilliance
 r - a potion of invisibility
 u - 3 potions of agility
 x - 13 potions of curing
 z - 2 potions of cancellation
 D - 2 potions of magic
 K - 5 potions of might
 L - 4 potions of resistance
 O - 6 potions of haste
 T - 3 potions of heal wounds
 V - 5 potions of berserk rage
Books
 H - Vehumet's Handbook of Confrontation
   (You found it on level 2 of the Elven Halls)

   Spells                             Type                      Level
   a - Flame Tongue                   Conjuration/Fire             1
   b - Searing Ray                    Conjuration                  2
   c - Iskenderun's Mystic Blast      Conjuration                  4
   d - Freezing Cloud                 Conjuration/Ice/Air          6
   e - Orb of Destruction             Conjuration                  7
Comestibles
 g - 2 meat rations
 i - 2 chunks of flesh
 p - 3 beef jerkies
 q - 30 bread rations


   Skills:
 - Level 20.0 Fighting
 - Level 21.0 Dodging
 - Level 12.0 Stealth
 - Level 22.0 Unarmed Combat
 + Level 13.4 Spellcasting
 - Level 4.0 Conjurations
 - Level 14.0 Charms
 - Level 4.0 Necromancy
 - Level 18.0 Transmutations
 - Level 12.0 Ice Magic
   Level 1.3 Poison Magic


You had 3 spell levels left.
You knew the following spells:

 Your Spells              Type           Power        Failure   Level  Hunger
a - Sticks to Snakes      Trmt           ######....   0%          2    None
b - Blade Hands           Trmt           ######....   1%          5    ####...
c - Ozocubu's Armour      Chrm/Ice       ######..     1%          3    None
d - Ice Form              Ice/Trmt       ######..     1%          4    #......
e - Irradiate             Conj/Trmt      ######....   1%          5    ####...
f - Dragon Form           Trmt           ######....   3%          7    #######
g - Blink                 Tloc           N/A          12%         2    None
h - Haste                 Chrm           ######..     3%          6    ######.
m - Repel Missiles        Chrm/Air       #####.       1%          2    None
p - Passwall              Trmt/Erth      #####.....   1%          3    None
r - Regeneration          Chrm/Necr      #####.....   1%          3    None
s - Condensation Shield   Ice            ######....   1%          4    #......


Dungeon Overview and Level Annotations

Branches:
Dungeon (15/15)            Temple (0/1) D:7            Lair (8/8) D:8
  Swamp (4/4) Lair:3        Snake (4/4) Lair:5        Slime (0/6) Lair:8
    Orc (4/4) D:12            Elf (3/3) Orc:3        Vaults (4/5) D:13
  Crypt (0/3) Vaults:3     Depths (5/5) D:15            Zot (0/5) Depths:5

Altars:
Ashenzari
Cheibriados
Dithmenos
Fedhas
Kikubaaqudgha
Makhleb
Nemelex Xobeh
Okawaru
Qazlal
Sif Muna
Vehumet
Yredelemnul
Zin
The Shining One
Beogh

Shops:
D:10 [   D:14 ??:!   Orc:4 :%:=   Vaults:1 *   Vaults:3 *

Portals:
Hell: Depths:1 Depths:2 Depths:3 Depths:4 Depths:5
Abyss: Depths:1 Depths:3 Depths:4
Pandemonium: Depths:3
Trove: Depths:2 (give +5 ice dragon armour)

Annotations:
D:3 rogue's ghost, average OgHu
Swamp:4 Lernaean hydra
Elf:2 3 runed doors


Innate Abilities, Weirdness & Mutations

((You revert to your normal form in water.))
((You are very nimble and swift while swimming.))
((You have a pair of small antennae on your head.))
(You are partially covered in rough black scales (AC +4, Dex -1).)
You are somewhat resistant to further mutation.


Message History

The tormentor is almost dead.
The tormentor screams, "You will die horribly!"
The tormentor hits you but does no damage.
The tormentor barely misses you.
The deep elf knight mumbles some strange words.
The deep elf knight flickers and vanishes for a moment.
You claw the tormentor!
You kill the tormentor!
Drink which item? (? for menu, Esc to quit)
Okay, then.
Casting: Regeneration
Confirm with . or Enter, or press ? or * to list all spells.
Aiming: Haste
Press: ? - help, Shift-Dir - straight line, f - you You feel yourself speed up.
You are very lightly contaminated with residual magic.
The Ice Fiend claws you!
* * * LOW HITPOINT WARNING * * *
The Ice Fiend freezes you!!!!
You feel a terrible chill!
You die...

##########........e..
#........#...........
#........#.......e.#
#..##+#..#........#
#..#..#..#.......#
#..#..#..#......#
#...#..#..'..#.e...#
#...#).#..#.)#eeeP.#
#...#..####§D#§1..##
#...#.....§[§1ee..#
#...#.......§#e§.##
#...##'#######...#
#................#
#................#
#...########'#...#
#...# ..'.... #...#
..#...##


You could see an Ice Fiend and 2 deep elf knights.

Vanquished Creatures
  Mara (Snake:3)
  An ancient lich (Depths:3)
  Frederick (Depths:4)
  2 golden dragons
  Jory (Vaults:2)
  A lich (Vaults:1)
  Jorgrun (Vaults:4)
  A tentacled monstrosity (Depths:3)
  A titan (Vaults:1)
  A deep elf master archer (Depths:3)
  2 quicksilver dragons
  2 sphinxes (Depths:4)
  5 storm dragons
  An azure jelly (Depths:3)
  4 shadow dragons
  An ancient champion (Depths:3)
  10 fire giants
  2 thorn hunters
  5 tengu reavers
  7 greater nagas
  A draconian monk (Zig:4)
  Donald (Vaults:3)
  5 frost giants
  2 draconian scorchers
  5 deep elf sorcerers
  A ghost moth (Depths:3)
  A draconian zealot (Zig:4)
  Aizul (Snake:3)
  3 iron dragons
  Louise (Depths:4)
  An orc warlord (Bailey)
  A balrug (Depths:3)
  4 vault wardens
  A draconian shifter (Depths:5)
  7 ironheart preservers
  A war gargoyle (Depths:3)
  A reaper (Depths:3)
  16 stone giants
  5 very ugly things
  A green draconian (Depths:5)
  5 deep elf demonologists
  A black draconian (Depths:5)
  A blood saint (Zig:5)
  A mottled draconian (Zig:4)
  3 dire elephants
  6 vampire knights
  3 deep elf annihilators
  2 white draconians
  A merfolk javelineer (Depths:4)
  Snorg (Lair:3)
  A deep elf death mage (Elf:3)
  13 fire dragons
  A mummy priest (Zig:2)
  14 ettins
  2 deep elf high priests (Elf:1)
  14 great orbs of eyes
  12 yaktaur captains
  9 vault guards
  12 ice dragons
  13 entropy weavers
  A hell beast (Depths:1)
  5 rakshasas
  15 naga warriors
  A catoblepas (Lair:8)
  26 hydras
  9 alligators
  20 anacondas
  An alligator snapping turtle (shapeshifter) (Depths:4)
  A spriggan air mage (Depths:3)
  An alligator snapping turtle (Depths:3)
  10 ogre magi
  14 centaur warriors
  21 death yaks
  2 tengu warriors (Depths:2)
  12 deep troll shamans
  10 deep troll earth magi
  13 naga sharpshooters
  3 spriggan berserkers
  2 vampire magi
  12 shock serpents
  Urug (D:10)
  3 fire crabs (shapeshifter)
  Sonja (Lair:1)
  3 small abominations (Elf:1)
  A titan skeleton (Depths:2)
  3 orc high priests (Orc:4)
  16 hell knights
  21 deep elf knights
  3 salamander mystics
  A skeletal warrior (Depths:3)
  A sea snake (Snake:4)
  4 iron trolls
  3 fire crabs
  2 unseen horrors
  5 wizards
  5 flayed ghosts
  7 naga ritualists
  8 harpies
  3 lindwurms (Depths:3)
  6 deep elf summoners
  4 giant orange brains
  8 hill giants
  An obsidian statue (Zig:5)
  8 swamp dragons
  13 ironbrand convokers
  5 shambling mangroves
  10 necromancers
  15 deep elf conjurers
  20 orc knights
  A tengu zombie (Depths:2)
  36 deep trolls
  A wolf spider zombie (D:15)
  2 wolf spiders
  8 mana vipers
  7 phantasmal warriors
  A hornet (shapeshifter) (Depths:5)
  37 ugly things
  9 griffons
  10 orc sorcerers
  3 sphinx skeletons
  5 cyclopes
  9 salamanders
  24 elephants
  4 hornets (Swamp:4)
  2 human zombies
  6 manticores
  5 guardian serpents
  26 naga magi
  A frost giant skeleton (Depths:1)
  A black mamba (shapeshifter) (Vaults:1)
  10 vault sentinels
  A stone giant skeleton (Vaults:3)
  31 black mambas
  A guardian serpent (shapeshifter) (Depths:5)
  A rust devil (Depths:1)
  2 eyes of devastation (Depths:3)
  A gargoyle (D:13)
  4 torpor snails (Depths:2)
  5 fire drakes
  2 spiny frogs (shapeshifter)
  3 kobold demonologists
  A salamander skeleton (Vaults:3)
  20 spiny frogs
  45 yaktaurs
  3 jumping spiders
  12 komodo dragons
  A guardian mummy (Volcano)
  4 tengu conjurers
  8 deep elf priests
  A jumping spider (shapeshifter) (Depths:1)
  A yaktaur skeleton (Vaults:4)
  5 polar bears
  13 freezing wraiths
  16 two-headed ogres
  4 trolls
  A red devil (Depths:1)
  5 giant leeches
  54 slime creatures
  2 boulder beetles
  7 bog bodies
  2 flying skulls (Volcano)
  A deep troll zombie (Zig:2)
  2 tarantellas
  A trapdoor spider (shapeshifter) (Depths:2)
  25 blink frogs
  Sigmund (D:3)
  12 spriggans
  74 yaks
  2 shadows (Depths:3)
  A trapdoor spider (D:11)
  28 deep elf magi
  A wraith (Vaults:1)
  A tarantella (shapeshifter) (Vaults:4)
  3 water elementals
  A vampire (Volcano)
  28 deep elf fighters
  A basilisk (shapeshifter) (D:15)
  21 redbacks
  9 basilisks
  4 wyverns
  A golden eye (shapeshifter) (Vaults:3)
  18 vampire mosquitoes
  A hippogriff (shapeshifter) (Vaults:3)
  12 hippogriffs
  19 humans (D:13)
  9 wargs
  A harpy simulacrum (Depths:3)
  58 nagas
  2 hill giant skeletons (Volcano)
  10 insubstantial wisps
  3 hell hounds (D:15)
  9 wolves
  15 swamp worms
  A mottled dragon (D:13)
  23 water moccasins
  An ice beast (D:10)
  4 sky beasts
  2 necrophages (D:10)
  A phantom (D:10)
  9 swamp drakes
  A wasp (shapeshifter) (Vaults:1)
  7 porcupines
  51 orc warriors
  An eye of draining (shapeshifter) (Vaults:1)
  20 wasps
  A human skeleton (Vaults:4)
  2 eyes of draining
  2 manticore skeletons (Volcano)
  46 ogres
  21 centaurs
  19 crocodiles
  A big kobold (D:10)
  A brain worm (shapeshifter) (Vaults:3)
  2 elf zombies
  26 giant frogs
  A wyvern zombie (D:14)
  3 scorpions
  7 wights
  4 killer bees (D:10)
  2 spriggan skeletons (Volcano)
  A troll skeleton (Volcano)
  3 electric eels
  5 crimson imps
  A giant frog zombie (D:5)
  An iron imp (Depths:5)
  A quasit (D:14)
  A fire crab simulacrum (Vaults:1)
  A human simulacrum (Vaults:3)
  3 jellies
  38 orc priests
  7 centaur skeletons
  A giant frog skeleton (D:9)
  27 orc wizards
  11 worker ants
  4 centaur zombies
  4 hounds
  Natasha (twice) (D:3)
  13 iguanas
  30 sheep
  A worker ant (shapeshifter) (Elf:1)
  An ogre skeleton (Volcano)
  A hound zombie (D:9)
  9 mummies
  A worker ant zombie (D:10)
  16 adders
  18 gnolls
  145 river rats
  2 giant eyeballs (Depths:3)
  2 oozes
  2 adder skeletons
  6 adder zombies
  5 giant geckos
  212 orcs
  5 ball pythons
  25 bats
  9 giant cockroaches
  36 goblins
  39 hobgoblins
  6 jackals
  24 kobolds
  9 quokkas
  A giant cockroach zombie (D:6)
  6 giant newts
  3 goblin skeletons (D:4)
  4 goblin zombies (Ossuary)
  17 hobgoblin zombies
  2 jackal zombies (Ossuary)
  2 kobold skeletons (D:4)
  5 kobold zombies (Ossuary)
  2 orc skeletons (D:4)
  9 orc zombies
  A quokka skeleton (D:5)
  A quokka zombie (D:9)
  11 rats
  A rat zombie (Ossuary)
  A crawling corpse (Elf:1)
  2 fungi (Depths:1)
  2 plants
2479 creatures vanquished.

Vanquished Creatures (collateral kills)
  Harold (Lair:3)
  A hydra (Lair:1)
  An adder (D:2)
3 creatures vanquished.

Vanquished Creatures (others)
  A vampire knight (Depths:3)
  An unseen horror (Vaults:1)
  A golden dragon simulacrum (Depths:2)
  A deep elf priest (Depths:3)
  2 deep elf magi
  A deep elf fighter (Elf:1)
  A naga (Snake:4)
  A boggart (Depths:3)
  An adder (Snake:4)
  2 bushes (Lair:8)
  24 fungi
  6 plants
42 creatures vanquished.

Grand Total: 2524 creatures vanquished

Notes
Turn   | Place    | Note
--------------------------------------------------------------
     0 | D:1      | emikaela the Merfolk Transmuter began the quest for the Orb.
     0 | D:1      | Reached XP level 1. HP: 15/15 MP: 3/3
   461 | D:1      | Reached XP level 2. HP: 18/21 MP: 3/5
   520 | D:1      | Learned a level 2 spell: Sticks to Snakes
   799 | D:1      | Reached XP level 3. HP: 24/26 MP: 4/6
   872 | D:1      | Reached skill level 4 in Transmutations
   880 | D:1      | Learned a level 3 spell: Spider Form
  1453 | D:2      | Found a shadowy altar of Dithmenos.
  1470 | D:2      | Became a worshipper of Dithmenos the Shadowed
  1817 | D:2      | Reached skill level 1 in Poison Magic
  1817 | D:2      | Reached XP level 4. HP: 24/32 MP: 5/7
  2418 | D:2      | Found a deep blue altar of Sif Muna.
  2604 | D:3      | Reached skill level 5 in Unarmed Combat
  2846 | D:3      | Noticed rogue's ghost (average OgHu)
  3157 | D:3      | Noticed Natasha
  3172 | D:3      | Killed Natasha
  3172 | D:3      | Reached XP level 5. HP: 37/37 MP: 5/8
  3466 | D:3      | Found a snail-covered altar of Cheibriados.
  3533 | D:3      | Noticed Sigmund
  3550 | D:3      | Killed Sigmund
  3550 | D:3      | Reached skill level 6 in Unarmed Combat
  3550 | D:3      | Reached XP level 6. HP: 33/46 MP: 6/9
  3788 | D:3      | Noticed Natasha
  3795 | D:3      | Killed Natasha
  4346 | D:4      | Reached XP level 7. HP: 47/52 MP: 6/10
  4505 | D:4      | Learned a level 4 spell: Ice Form
  4515 | D:4      | Reached skill level 7 in Unarmed Combat
  4999 | D:4      | Found a glowing golden altar of the Shining One.
  5060 | D:4      | Upgraded the game from 0.17-a0-1430-g49fde19 to 0.17-a0-1435-geafbe2f
  5160 | D:4      | Found an iron altar of Okawaru.
  5218 | D:4      | Got a smoking mace
  5524 | D:5      | Entered Level 5 of the Dungeon
  5890 | D:5      | Reached skill level 1 in Ice Magic
  5916 | D:5      | Acquired Dithmenos's first power
  6181 | D:5      | Found a stormy altar of Qazlal.
  6498 | D:5      | Reached XP level 8. HP: 60/60 MP: 7/11
  6892 | D:5      | Reached skill level 5 in Transmutations
  7686 | D:6      | Acquired Dithmenos's second power
  8048 | D:6      | Reached XP level 9. HP: 66/66 MP: 8/13
  8083 | D:6      | Reached skill level 5 in Dodging
  8164 | D:6      | Reached skill level 8 in Transmutations
  8188 | D:6      | Learned a level 5 spell: Blade Hands
  8429 | D:7      | Reached skill level 5 in Fighting
  8576 | D:7      | Found a staircase to the Ecumenical Temple.
  9081 | D:7      | Reached skill level 9 in Transmutations
  9414 | D:8      | Found a burning altar of Makhleb.
  9695 | D:8      | Found a sand-covered staircase.
  9706 | Ossuary  | Entered an ossuary
  9976 | Ossuary  | Acquired Dithmenos's third power
 10697 | D:8      | Found a staircase to the Lair.
 10703 | D:8      | Reached skill level 10 in Transmutations
 11033 | D:8      | Reached XP level 10. HP: 59/74 MP: 11/15
 11165 | Lair:1   | Entered Level 1 of the Lair of Beasts
 11165 | Lair:1   | Noticed a four-headed hydra
 11177 | Lair:1   | Killed a four-headed hydra
 11177 | Lair:1   | Reached skill level 10 in Unarmed Combat
 12097 | Lair:1   | Reached skill level 11 in Unarmed Combat
 12222 | Lair:1   | Noticed Sonja
 12242 | Lair:1   | Killed Sonja
 12763 | Lair:1   | Acquired Dithmenos's fourth power
 12921 | Lair:1   | Gained mutation: You are partially covered in rough black scales (AC +4, Dex -1). [potion of beneficial mutation]
 13113 | Lair:1   | Reached XP level 11. HP: 81/86 MP: 9/16
 13394 | Lair:2   | Reached skill level 12 in Unarmed Combat
 14137 | Lair:2   | Reached skill level 13 in Unarmed Combat
 14753 | Lair:2   | Noticed an eight-headed hydra
 14796 | Lair:2   | Killed an eight-headed hydra
 14796 | Lair:2   | Reached XP level 12. HP: 93/97 MP: 12/17
 14877 | Lair:2   | Reached skill level 10 in Fighting
 15293 | Lair:3   | Reached skill level 10 in Dodging
 15321 | Lair:3   | Reached skill level 1 in Stealth
 15457 | Lair:3   | Noticed a five-headed hydra
 15581 | Lair:3   | Found a staircase to the Swamp.
 15594 | Lair:3   | Noticed Harold
 15620 | Lair:3   | Found a dark tunnel.
 15625 | Volcano  | Entered a volcano
 15898 | Volcano  | Reached skill level 14 in Unarmed Combat
 16487 | Lair:3   | Killed Harold
 16492 | Lair:3   | Noticed an eight-headed hydra
 16868 | Lair:3   | Noticed Snorg
 16877 | Lair:3   | Killed Snorg
 17136 | Lair:3   | Killed a five-headed hydra
 17442 | Lair:3   | Killed an eight-headed hydra
 17442 | Lair:3   | Reached skill level 15 in Unarmed Combat
 17559 | Lair:1   | Noticed an eight-headed hydra
 17738 | Lair:1   | Killed an eight-headed hydra
 18106 | Lair:4   | Noticed an eight-headed hydra
 18110 | Lair:4   | Reached XP level 13. HP: 104/104 MP: 14/19
 18195 | Lair:4   | Noticed a five-headed hydra
 18199 | Lair:4   | Killed a five-headed hydra
 18269 | Lair:4   | Killed an eight-headed hydra
 18553 | Lair:4   | Noticed a death yak
 18554 | Lair:4   | Noticed a death yak
 18570 | Lair:4   | Killed a death yak
 18577 | Lair:4   | Killed a death yak
 18698 | Lair:4   | Noticed a death yak
 18698 | Lair:4   | Noticed a death yak
 18722 | Lair:4   | Killed a death yak
 18730 | Lair:4   | Killed a death yak
 19187 | Lair:4   | Reached skill level 5 in Spellcasting
 19794 | Lair:4   | Upgraded the game from 0.17-a0-1435-geafbe2f to 0.17-a0-1442-g10bb59b
 20150 | Lair:5   | Reached skill level 16 in Unarmed Combat
 21157 | Lair:5   | Found a staircase to the Snake Pit.
 21613 | Lair:5   | Reached XP level 14. HP: 113/113 MP: 13/23
 23012 | Lair:6   | Reached skill level 17 in Unarmed Combat
 23637 | Lair:7   | Got an ancient war axe
 24361 | Lair:8   | Entered Level 8 of the Lair of Beasts
 24644 | Lair:8   | Found a staircase to the Slime Pits.
 25398 | Lair:8   | Reached XP level 15. HP: 97/122 MP: 23/26
 25921 | Lair:8   | Reached skill level 18 in Unarmed Combat
 26410 | Lair:1   | Learned a level 6 spell: Hydra Form
 26416 | Lair:1   | Learned a level 5 spell: Irradiate
 26420 | Lair:1   | Learned a level 3 spell: Regeneration
 26631 | D:9      | Identified the Collected Works on Protection and Displacement
 26971 | D:9      | Found a roughly hewn altar of Beogh.
 27372 | D:9      | Found a sparkling altar of Nemelex Xobeh.
 27376 | D:9      | Found a glowing silver altar of Zin.
 27721 | D:9      | Reached skill level 1 in Charms
 27772 | D:9      | Got a wavering golden amulet
 27775 | D:9      | Identified the amulet of Caosyw {Inacc rC+ rN+ Int-3} (You found it on level 9 of the Dungeon)
 27947 | D:10     | Entered Level 10 of the Dungeon
 27958 | D:10     | Noticed Urug
 27977 | D:10     | Killed Urug
 28083 | D:10     | Found Yseoss's Antique Armour Shop.
 28134 | D:10     | Found a blossoming altar of Fedhas.
 28144 | D:10     | Found a flagged portal.
 28222 | Bailey   | Entered a bailey
 28636 | Bailey   | Identified the Handbook of Dislocated Transformation
 28647 | Bailey   | Gained mutation: You are somewhat resistant to further mutation. [potion of beneficial mutation]
 28648 | Bailey   | Gained mutation: You have a pair of small antennae on your head. [potion of beneficial mutation]
 28878 | D:10     | Bought a pair of glowing boots for 135 gold pieces
 28883 | D:10     | Identified a +0 pair of boots of running (You bought it in a shop on level 10 of the Dungeon)
 29110 | D:10     | Bought a steaming leather armour for 210 gold pieces
 29120 | D:10     | Identified the cursed +0 leather armour "Rahirhoi" {rC+ rCorr Stlth+} (You bought it in a shop on level 10 of the Dungeon)
 29123 | D:10     | Bought the +4 moon troll leather armour {Spirit, Regen++ MP+5} for 1260 gold pieces
 29671 | D:11     | Learned a level 3 spell: Ozocubu's Armour
 30623 | D:11     | Reached skill level 1 in Necromancy
 30741 | D:12     | Got a bone spear
 31047 | D:12     | Found a staircase to the Orcish Mines.
 31381 | Orc:1    | Entered Level 1 of the Orcish Mines
 31760 | Orc:2    | Found a radiant altar of Vehumet.
 33459 | Orc:3    | Found a staircase to the Elven Halls.
 33639 | Orc:4    | Entered Level 4 of the Orcish Mines
 33716 | Orc:4    | Found a radiant altar of Vehumet.
 34040 | Orc:4    | Reached skill level 15 in Dodging
 34135 | Orc:4    | Reached skill level 1 in Conjurations
 34286 | Orc:4    | Reached XP level 16. HP: 130/130 MP: 27/28
 34308 | Orc:4    | Found Utuezuon's Jewellery Emporium.
 34308 | Orc:4    | Found Vam Mee's Book Boutique.
 34310 | Orc:4    | Found Etaff's Food Emporium.
 34310 | Orc:4    | Found Iwufes's Book Boutique.
 34580 | Orc:4    | Bought a book of Enchantments for 750 gold pieces
 35176 | Lair:1   | Upgraded the game from 0.17-a0-1442-g10bb59b to 0.17-a0-1447-g3d113ad
 36263 | D:13     | Found a gate to the Vaults.
 36440 | D:14     | Found Dyich's Distillery.
 36566 | D:14     | Found Posaor's Magic Scroll Boutique.
 36569 | D:14     | Bought a scroll of recharging for 123 gold pieces
 36569 | D:14     | Bought a scroll of blinking for 97 gold pieces
 36690 | D:14     | Found Anaminnu's Book Shoppe.
 36859 | D:14     | Found Awaanic's Magic Scroll Emporium.
 36868 | D:14     | Bought a scroll of blinking for 97 gold pieces
 36998 | D:15     | Entered Level 15 of the Dungeon
 37091 | D:15     | Reached skill level 19 in Unarmed Combat
 38374 | D:15     | Found a staircase to the Depths.
 38773 | Lair:1   | Upgraded the game from 0.17-a0-1447-g3d113ad to 0.17-a0-1450-g7e755d1
 38822 | Swamp:1  | Entered Level 1 of the Swamp
 39210 | Swamp:1  | Got a sapphire hand crossbow
 39645 | Swamp:2  | Reached XP level 17. HP: 132/136 MP: 28/30
 39925 | Swamp:2  | Noticed a thorn hunter
 39951 | Swamp:2  | Killed a thorn hunter
 40387 | Swamp:2  | Reached skill level 10 in Spellcasting
 40861 | Swamp:3  | Got a sparkling bronze amulet
 40862 | Swamp:3  | Identified the amulet of Yrronlo {rCorr Stlth+} (You found it on level 3 of the Swamp)
 41338 | Swamp:3  | Identified a cursed +1 rod of shadows (12/12) (You found it on level 3 of the Swamp)
 41439 | Swamp:4  | Entered Level 4 of the Swamp
 41453 | Swamp:4  | Paralysed by a hornet for 3 turns
 41600 | Swamp:4  | Reached skill level 20 in Unarmed Combat
 42275 | Swamp:4  | Noticed the 27-headed Lernaean hydra
 42482 | Swamp:4  | Reached skill level 15 in Transmutations
 42689 | Swamp:4  | Got a decaying rune of Zot
 43101 | Vaults:1 | Entered Level 1 of the Vaults
 43565 | Snake:1  | Entered Level 1 of the Snake Pit
 43619 | Snake:1  | Found a shattered altar of Ashenzari.
 43813 | Snake:1  | Found a runed gate.
 43813 | Snake:1  | Found a runed gate.
 43814 | Snake:1  | Found a runed gate.
 43896 | Snake:1  | Reached XP level 18. HP: 147/147 MP: 32/32
 45730 | Snake:3  | Reached skill level 15 in Fighting
 46076 | Snake:3  | Got a crude scythe
 46086 | Snake:3  | Noticed Aizul
 46112 | Snake:3  | Killed Aizul
 47425 | Snake:3  | Noticed Mara
 47465 | Snake:3  | Killed Mara
 47650 | Snake:4  | Entered Level 4 of the Snake Pit
 48629 | Snake:4  | Reached XP level 19. HP: 114/157 MP: 29/35
 50214 | Snake:4  | Got a serpentine rune of Zot
 50323 | Snake:4  | Reached skill level 5 in Stealth
 50906 | Lair:1   | Learned a level 7 spell: Dragon Form
 50913 | Lair:1   | Learned a level 6 spell: Haste
 50918 | Lair:1   | Learned a level 4 spell: Condensation Shield
 51549 | Vaults:1 | Found Suntes's Assorted Antiques.
 51556 | Vaults:1 | Bought a scroll labeled TEASUJ VACUIN for 36 gold pieces
 51745 | Vaults:1 | Noticed a titan
 51755 | Vaults:1 | Noticed a lich
 51761 | Vaults:1 | Killed a titan
 51763 | Vaults:1 | Reached skill level 5 in Charms
 52252 | Vaults:1 | Killed a lich
 52358 | Vaults:1 | Reached XP level 20. HP: 168/168 MP: 20/36
 52480 | Vaults:1 | Got a pitted hand crossbow
 52614 | Vaults:1 | Got a distressingly furry ring mail
 52615 | Vaults:1 | Identified the +4 ring mail "Okhludi" {rElec MP+9 Int-4 Dex+2} (You found it on level 1 of the Vaults)
 52634 | Vaults:1 | Identified a scroll of acquirement
 52636 | Vaults:1 | Got a slimy marble ring
 52638 | Vaults:1 | Identified the ring of Ethrohaz {rC+ MP+9 Str+6 Int-3} (You acquired it on level 1 of the Vaults)
 52673 | Vaults:1 | Learned a level 2 spell: Repel Missiles
 54513 | Vaults:2 | Noticed Jory
 54532 | Vaults:2 | Killed Jory
 54554 | Vaults:2 | Reached skill level 10 in Charms
 55133 | Vaults:3 | Found Okaulug's General Store.
 55540 | Vaults:3 | Bought a scroll of teleportation for 36 gold pieces
 55540 | Vaults:3 | Bought a scroll of teleportation for 36 gold pieces
 56013 | Vaults:3 | Found a staircase to the Crypt.
 56013 | Vaults:3 | Found an ancient bone altar of Kikubaaqudgha.
 56016 | Vaults:3 | Found a basalt altar of Yredelemnul.
 56436 | Vaults:3 | Noticed Donald
 56449 | Vaults:3 | Killed Donald
 56449 | Vaults:3 | Reached skill level 5 in Ice Magic
 57319 | Vaults:3 | Reached XP level 21. HP: 174/174 MP: 17/37
 57487 | Vaults:4 | Got a faintly humming leather armour
 57488 | Vaults:4 | Identified the +2 leather armour of the Three Gods {rN+} (You found it on level 4 of the Vaults)
 57558 | Vaults:4 | Noticed Jorgrun
 57567 | Vaults:4 | Killed Jorgrun
 57815 | Vaults:4 | Learned a level 2 spell: Blink
 59296 | Vaults:4 | Upgraded the game from 0.17-a0-1450-g7e755d1 to 0.17-a0-1468-gbf503c2
 59569 | Depths:1 | Entered Level 1 of the Depths
 59663 | Depths:1 | Found a one-way gate to the infinite horrors of the Abyss.
 59943 | Depths:1 | Found a gateway to Hell.
 60331 | Depths:1 | Found a shattered altar of Ashenzari.
 61282 | Depths:2 | Paralysed by a great orb of eyes for 6 turns
 61507 | Depths:2 | Found a portal to a secret trove of treasure.
 61677 | Depths:2 | Reached XP level 22. HP: 115/182 MP: 27/38
 62663 | Depths:2 | HP: 13/274 [necromancer/bolt of cold (26)]
 62953 | Depths:2 | Found a snail-covered altar of Cheibriados.
 62985 | Depths:2 | Got a bloodstained chain mail
 63002 | Depths:2 | Identified the +3 chain mail of Dishonour {rC++} (You took it off a tengu warrior on level 2 of the Depths)
 63382 | Depths:3 | Found a one-way gate leading to the halls of Pandemonium.
 64316 | Depths:3 | Paralysed by a giant eyeball for 3 turns
 64760 | Depths:3 | Paralysed by a vampire knight for 6 turns
 64780 | Depths:3 | HP: 13/279 [something (illusionary)/vampiric draining (24)]
 64781 | Depths:3 | HP: 4/279 [poisoned by a balrug]
 65039 | Depths:3 | Reached skill level 21 in Unarmed Combat
 65151 | Depths:3 | Reached XP level 23. HP: 192/192 MP: 39/39
 65742 | Depths:3 | Noticed an ancient lich
 65750 | Depths:3 | Paralysed by a giant eyeball for 3 turns
 65840 | Depths:3 | Killed an ancient lich
 66341 | Lair:1   | Learned a level 3 spell: Passwall
 66702 | Depths:4 | Found a gateway to a ziggurat.
 66879 | Depths:4 | Reached skill level 10 in Stealth
 66879 | Depths:4 | Reached skill level 10 in Ice Magic
 67109 | Depths:4 | Got a coiled ivory ring
 67114 | Depths:4 | Identified the ring "Yckothepp" {Fire Dex+4} (You took it off a frost giant on level 4 of the Depths)
 67990 | Depths:4 | Noticed Louise
 68006 | Depths:4 | Killed Louise
 68094 | Depths:4 | Noticed Frederick
 68102 | Depths:4 | Killed Frederick
 68167 | Depths:4 | Reached skill level 22 in Unarmed Combat
 68585 | Depths:5 | Entered Level 5 of the Depths
 68625 | Depths:5 | Reached XP level 24. HP: 193/202 MP: 39/39
 69187 | Depths:5 | Found a snail-covered altar of Cheibriados.
 70048 | Depths:5 | Found a gate to the Realm of Zot.
 70323 | Zig:1    | Entered Level 1 of a ziggurat
 70344 | Zig:2    | Entered Level 2 of a ziggurat
 70454 | Zig:3    | Entered Level 3 of a ziggurat
 70489 | Zig:3    | Identified the Guide on Heat
 70523 | Zig:4    | Entered Level 4 of a ziggurat
 70633 | Zig:4    | Got a heavily runed glass ring
 70642 | Zig:4    | Identified the ring of Vanity {Dex+6 SInv} (You found it on level 4 of a ziggurat)
 70660 | Zig:5    | Entered Level 5 of a ziggurat
 71120 | Lair:1   | Upgraded the game from 0.17-a0-1468-gbf503c2 to 0.17-a0-1475-g9f81d98
 71251 | Elf:1    | Entered Level 1 of the Elven Halls
 71878 | Elf:1    | Got a bound ivory ring
 71879 | Elf:1    | Identified the ring of Lauhiode {rF+ rN+ MR+ SInv} (You found it on level 1 of the Elven Halls)
 72156 | Elf:1    | Got a heavily runed scale mail
 72630 | Elf:2    | Found a runed gate.
 72630 | Elf:2    | Found a runed gate.
 72630 | Elf:2    | Found a runed gate.
 73010 | Elf:2    | Identified Vehumet's Handbook of Confrontation
 73250 | Elf:3    | Entered Level 3 of the Elven Halls
 73332 | Elf:3    | Identified the cursed +0 scale mail of the Undertaker {rPois rC++ Regen+} (You took it off a deep elf high priest on level 1 of the Elven Halls)
 73658 | Elf:3    | Slain by an Ice Fiend

Vault maps used:
D:1:      tarquinn_simple_flora_water_d, solitary_fountain
D:2:      led_sif_pool, grunt_dithmenos_smoke_and_mirrors
D:3:      lemuel_round_altar, uniq_sigmund, uniq_natasha
D:4:      okawaru_ov_weapons_minmay, serial_aquarium, aquarium_bridge_square,
          aquarium_window_corridor_2, aquarium_window_2, aquarium_view_2b,
          aquarium_balcony_1b, minmay_misc_feat_rows,
          nicolae_tso_besieged_by_evil
D:5:      grunt_qazlal_clouds, first_bread
D:6:      minmay_misc_feat_four_crosses, st_stairs_6,
          kennysheep_opposing_triangles
D:7:      minmay_temple_entry_glassed_door
D:8:      makhleb_heckhound_becter, erik_lair_orcish_takeover, enter_ossuary_1
D:9:      minmay_tri_box, minitemple, special_room
D:10:     basic_altar, serial_shops, shop, enter_bailey_8, uniq_urug
D:11:     serial_glass, glass_columns_a, glass_columns_a, glass_columns_a,
          glass_columns_a, glass_columns_c, feat_on_display
D:12:     david_orc_4
D:13:     grunt_vaults_entry_tiered
D:14:     grunt_decor_one_mirror, serial_shops, shop_statue,
          kennysheep_mini_moat, shop, kennysheep_mini
D:15:     grunt_enter_depths_magical_seal, special_room, amethyst_killhole,
          serial_aquarium, aquarium_bridge_square, aquarium_window_fake,
          aquarium_window_corner, aquarium_window_double, aquarium_view_2g,
          aquarium_view_2g, aquarium_pool_corner
Lair:1:   grunt_forest_large_clearings, lemuel_fruit_fields, uniq_sonja
Lair:3:   swamp_mist, enter_volcano_1, grunt_megastairs_2, lemuel_fruit_fields,
          uniq_harold, uniq_snorg
Lair:5:   guppyfry_snake_entry_island, serial_bayou_ford_a, beast_lair_carwin_8,
          lemuel_fruit_tree
Lair:8:   grunt_lair_end_beastmaster, slime_dummy
Swamp:1:  nicolae_swamp_fairy_circle
Swamp:2:  evilmike_swamp_ruin_rubble_1
Swamp:3:  evilmike_swamp_ruin_wall
Swamp:4:  swamp_old_school
Snake:1:  basic_altar, nicolae_snake_horde_hoard, grunt_megastairs_3
Snake:2:  nicolae_coiled_stairwell_up
Snake:3:  grunt_ministairs_12, uniq_mara, uniq_aizul
Snake:4:  minmay_snake_end_coiled, minmay_snake_pond
Orc:1:    mines2_lemuel
Orc:2:    basic_altar
Orc:3:    nicolae_orc_pool_cavern
Orc:4:    grunt_orc_tribal_feast, basic_altar
Elf:1:    minmay_elf_arrival_circle, orc_legates
Elf:2:    solitary_fountain, uniq_wiglaf
Elf:3:    grunt_elf_hall_spiral
Vaults:1: nicolae_vaults_theta, ontoclasm_vaults_gateway, st_greater_box_5,
          vaults_room_grid, hangedman_vaults_maws, v_misc_25,
          nicolae_vaults_alarming, hangedman_vaults_variations,
          nicolae_vaults_little_ls, v_misc_27, ontoclasm_vaults_loading_screen,
          serial_shops, nicolae_shop_statue_plus
Vaults:2: v_misc_1, v_misc_16, vaults_room_hangedman_quadrants,
          vaults_room_grid, vaults_dpeg_cross, vaults_dpeg_diagonal, uniq_jory
Vaults:3: hangedman_vaults_pinch, nicolae_vaults_hallways_thing,
          nicolae_vaults_big_ls, minmay_crypt_entry_necro_gods,
          nicolae_vaults_big_angled_halls, ontoclasm_vaults_spin,
          ontoclasm_vaults_bender, vaults_room_fancy_cross,
          vaults_room_grunt_arrival_ludios, ontoclasm_vaults_loading_screen,
          ontoclasm_vaults_loading_screen, vaults_room_stairs_pillars,
          grunt_vaults_bifocal, hangedman_vaults_stream, v_misc_16,
          grunt_vaults_focal, nicolae_vaults_asterisk, serial_shops,
          shop_fountains, uniq_donald
Vaults:4: v_rooms_6, v_rooms_3, nicolae_vaults_triangles,
          vaults_room_stairs_pillars, hangedman_vaults_river_flow,
          nicolae_vaults_little_squares_2,
          vaults_standard_mumra_enter_the_diamond, vaults_mumra_hexcomb,
          uniq_jorgrun
Depths:1: minmay_misc_feat_five, hangedman_abyss_entry_splay,
          grunt_mini_vestibule, statue_in_the_mist_lemuel,
          hangedman_decor_riveting, minmay_gold_behind_fungi, spider_trap,
          minivault_22, ashenzari_altar_1
Depths:2: pf_snail_temple, hell_entry, trove_entry_hex_spiral,
          serial_bayou_shore_b, basic_stair_grate_trap
Depths:3: hangedman_pleasuredromes, abyss_entry, pan_entry, hell_entry
Depths:4: hangedman_stitches_corridor, enter_ziggurat_a,
          hangedman_decor_slide_cut, pf_coc_iceberg,
          nicolae_abyss_entry_one_way_or_another, serial_bayou_pond_b,
          minivault_11, uniq_frederick
Depths:5: evilmike_zot_entry_diamond, cheibriados_altar_1,
          grunt_hell_entry_dis_mu, serial_bayou_shore_b
Ossuary:  ossuary_tomb_1
Bailey:   bailey_axe_minmay_hex_keep, bailey
Volcano:  volcano_tomb

Action                   |  1- 3 |  4- 6 |  7- 9 | 10-12 | 13-15 | 16-18 | 19-21 | 22-24 || total
-------------------------+-------+-------+-------+-------+-------+-------+-------+-------++-------
Melee: Unarmed           |   103 |   126 |   423 |   502 |  1458 |  1290 |  1262 |  1250 ||  6414
Throw: Tomahawk          |       |       |       |     2 |     5 |       |       |       ||     7
 Cast: Beastly Appendage |    23 |     3 |     1 |       |       |       |       |       ||    27
       Sticks to Snakes  |     1 |       |       |    11 |       |     4 |       |    15 ||    31
       Spider Form       |       |    23 |    50 |     7 |     2 |     2 |       |       ||    84
       Ice Form          |       |       |    22 |    27 |     9 |    49 |    17 |     5 ||   129
       Blade Hands       |       |       |       |    25 |   148 |    87 |    94 |    47 ||   401
       Ozocubu's Armour  |       |       |       |       |     8 |    68 |    93 |    80 ||   249
       Regeneration      |       |       |       |       |     4 |    32 |    54 |    64 ||   154
       Hydra Form        |       |       |       |       |       |     2 |       |       ||     2
       Irradiate         |       |       |       |       |       |     1 |     5 |       ||     6
       Dragon Form       |       |       |       |       |       |       |     3 |    58 ||    61
       Condensation Shie |       |       |       |       |       |       |    32 |    70 ||   102
       Repel Missiles    |       |       |       |       |       |       |     4 |     9 ||    13
       Haste             |       |       |       |       |       |       |     1 |     5 ||     6
 Abil: End Transformatio |       |       |       |     3 |     1 |     5 |       |     4 ||    13
Evoke: Wand              |       |       |       |     3 |       |       |       |     3 ||     6
  Use: Scroll            |       |       |    16 |     7 |    13 |    13 |    17 |    12 ||    78
       Potion            |       |       |       |     8 |     2 |    14 |    10 |     3 ||    37
 Stab: Sleeping          |     1 |     1 |     5 |     5 |    49 |    35 |    20 |    26 ||   142
       Distracted        |       |       |       |     1 |     9 |     8 |     7 |     6 ||    31
  Eat: Chunk             |     3 |     9 |    30 |    27 |    75 |    52 |    57 |    73 ||   326
       Beef jerky        |       |     1 |     1 |     1 |     2 |     2 |     2 |     6 ||    15
       Pizza             |       |     1 |     1 |       |     3 |     1 |     1 |     2 ||     9
       Fruit             |       |       |       |     1 |     4 |     8 |     4 |     1 ||    18
       Meat ration       |       |       |       |     2 |     2 |     1 |     1 |     1 ||     7
       Bread ration      |       |       |       |       |     1 |       |       |       ||     1
       Royal jelly       |       |       |       |       |       |       |     1 |       ||     1
